Map: Nightshade LE

Players

HanNibaL - Winner!

  • Race: Terran Terran
  • League: Master
  • Spawn Location: 11:00

Haffey

  • Race: Protoss Protoss
  • League: Grandmaster
  • Spawn Location: 5:00

VOD

Have the link to the VOD?

Description

Time

  • Played on: April 6, 2020, 7:52 p.m.
  • Length: 7:45
Show
View Real Time Build Order
Export as new Build Order

HanNibaL Terran - Winner!

Build Orders: Cyclone Opening 

Get SALT Encoding   

  12  0:00  SCV  
  13  0:13  SCV  
  14  0:17  Supply Depot  
  14  0:25  SCV  
  15  0:39  SCV  
  15  0:41  Barracks  
  16  0:44  Refinery  
  16  0:51  SCV  
  16  0:53  Refinery  
  17  1:03  SCV  
  18  1:15  SCV  
  19  1:29  Reaper, Orbital Command  
  19  1:30  Supply Depot  
  20  1:43  Factory  
  20  1:56  SCV  
  21  2:03  Barracks Tech Lab  
  21  2:08  SCV  
  22  2:21  SCV  
  23  2:25  Command Center  
  23  2:34  Cyclone  
  27  2:37  SCV  
  27  2:46  Starport  
  27  2:52  SCV  
  27  2:53  Barracks Reactor  
  27  2:56  Supply Depot  
  28  3:04  SCV  
  29  3:16  SCV  
  29  3:17  Siege Tank, Supply Depot  
  33  3:29  SCV  
  33  3:30  Marine x2, Starport Tech Lab  
  36  3:41  SCV, Orbital Command  
  37  3:48  Cloaking Field  
  37  3:51  Banshee  
  40  3:57  Marine x2  
  40  4:01  SCV  
  40  4:02  Orbital Command  
  43  4:06  Siege Tank  
  46  4:15  Marine x2  
  48  4:23  SCV  
  49  4:28  Supply Depot  
  49  4:32  Marine x2, Refinery  
  49  4:34  Banshee  
  54  4:45  SCV x2  
  50  4:48  Engineering Bay  
  50  4:56  Marine  
  50  4:57  Marine, SCV x2  
  53  5:04  Siege Tank  
  56  5:09  SCV x2  
  56  5:14  Missile Turret  
  58  5:21  SCV  
  56  5:22  Banshee, SCV, Marine x2  
  56  5:28  Missile Turret  
  62  5:40  Marine x2, SCV  
  62  5:41  SCV  
  66  5:51  Siege Tank  
  66  5:52  SCV  
  70  6:11  Marine x2, Banshee  
  70  6:12  Supply Depot x2  
  70  6:14  Supply Depot  
  75  6:25  Siege Tank  
  75  6:28  SCV x2  
  75  6:29  Marine  
  78  6:33  Marine  
  77  6:47  Marine  
  77  6:51  Marine  
  79  6:54  Banshee  
  79  6:57  Siege Tank  
  85  7:05  SCV x2  
  86  7:11  Missile Turret  
  84  7:17  SCV  
  84  7:18  SCV  
  86  7:23  Marine x2  
  86  7:24  Missile Turret  
  86  7:26  Missile Turret  
Show
View Real Time Build Order
Export as new Build Order

Haffey Protoss 

Build Orders: 1 Gate Expand, Phoenix Opening 

Get SALT Encoding   

  12  0:01  Probe  
  13  0:13  Probe  
  14  0:18  Pylon  
  14  0:25  Probe (Chrono Boost)  
  15  0:33  Assimilator  
  15  0:37  Probe (Chrono Boost)  
  16  0:45  Probe (Chrono Boost)  
  16  0:47  Gateway  
  17  0:51  Probe  
  18  1:03  Probe  
  19  1:20  Nexus  
  20  1:28  Probe  
  20  1:36  Cybernetics Core  
  20  1:40  Probe  
  20  1:41  Assimilator  
  21  1:56  Pylon  
  21  1:57  Probe  
  22  2:11  Adept (Chrono Boost), Probe  
  24  2:20  Stargate  
  24  2:25  Warp Gate, Probe  
  25  2:31  Adept (Chrono Boost)  
  25  2:35  Probe  
  28  2:37  Probe  
  29  2:47  Probe  
  29  2:50  Probe  
  31  2:54  Adept  
  33  2:59  Probe  
  33  3:02  Phoenix (Chrono Boost), Probe  
  37  3:12  Probe  
  38  3:14  Probe, Pylon  
  38  3:18  Phoenix (Chrono Boost)  
  39  3:28  Probe  
  39  3:29  Probe  
  41  3:37  Phoenix (Chrono Boost)  
  41  3:40  Probe  
  44  3:41  Probe  
  44  3:43  Gateway  
  44  3:45  Gateway  
  45  3:52  Probe  
  34  3:55  Phoenix (Chrono Boost)  
  46  3:56  Probe  
  49  4:04  Pylon  
  49  4:05  Probe  
  49  4:08  Probe  
  51  4:11  Twilight Council  
  51  4:14  Assimilator  
  51  4:17  Probe  
  52  4:19  Assimilator  
  52  4:20  Probe  
  52  4:21  Pylon  
  53  4:28  Pylon  
  53  4:29  Probe  
  54  4:33  Probe  
  53  4:41  Probe (Chrono Boost)  
  53  4:45  Probe (Chrono Boost)  
  53  4:48  Blink (Chrono Boost)  
  53  4:57  Probe (Chrono Boost)  
  53  4:59  Probe (Chrono Boost)  
  55  5:02  Robotics Facility  
  55  5:03  Probe (Chrono Boost), Pylon  
  55  5:06  Probe (Chrono Boost)  
  57  5:11  Probe  
  57  5:12  Stalker x3  
  64  5:22  Probe  
  64  5:25  Nexus  
  64  5:26  Pylon  
  63  5:37  Shield Battery  
  63  5:40  Shield Battery  
  60  5:50  Observer (Chrono Boost), Probe x2  
  59  6:00  Stalker  
  59  6:02  Probe x2  
  61  6:14  Probe x2  
  63  6:19  Stalker x2  
  63  6:22  Observer  
  68  6:26  Stalker, Probe x2  
  72  6:33  Pylon  
  72  6:38  Probe  
  72  6:39  Probe  
  74  6:43  Stalker x2  
  76  6:47  Gateway  
  76  6:50  Stalker  
  76  6:51  Probe x2  
  80  7:00  Immortal  
  84  7:03  Probe  
  85  7:09  Gateway  
  85  7:11  Gateway  
  85  7:13  Stalker x2  
  85  7:16  Stalker  
Tags
 
Add a new tag
Caveats
  • Supply blocks, unpowered buildings, or Contaminate may cause inaccurate times.
  • Supply counts are checked every 10 seconds.